PL
D.C. DIVIDED @ RICHARDSON CITY THUNDERCATS
09/19/2026
 
TOP OF THE 1ST
D.C. Divided batting - Pitching for Richardson City Thundercats : RHP Ramón Ortega
Pitching: RHP Ramón Ortega
Batting: RHB Arturo Rodríguez 0-0: Called Strike
0-1: Swinging Strike
0-2: Strikes out swinging
Batting: RHB Tony Romero 0-0: Ball
1-0: Ground out 4-3 (Groundball, 4)
Batting: RHB Robert O'Connor 0-0: Called Strike
0-1: Swinging Strike
0-2: Ball
1-2: Ball
2-2: Strikes out swinging, 2-3 out at first.
Top of the 1st over - 0 run(s), 0 hit(s), 0 error(s), 0 left on base; D.C. 0 - Richardson City 0
BOTTOM OF THE 1ST
Richardson City Thundercats batting - Pitching for D.C. Divided : RHP José Alaniz
Pitching: RHP José Alaniz
Batting: RHB Joey Jones 0-0: Foul Ball, location: 2F
0-1: SOLO HOME RUN (Flyball, 78XD), Distance : 391 ft
Batting: LHB Fernando Ramírez 0-0: Ball
1-0: Fly out, F3 (Line Drive, 3)
Batting: RHB Tomás Martínez 0-0: Foul Ball, location: 2F
0-1: Called Strike
0-2: Foul Ball, location: 2F
0-2: Foul Ball, location: 2F
0-2: Ball
1-2: Ground out 2-3 (Groundball, 2L)
Batting: LHB Terrence Eler 0-0: Foul Ball, location: 2F
0-1: SINGLE (Flyball, 8LS)
Batting: SHB Mitch Qualtrough 0-0: Fielders Choice at 2nd, 4-6 (Groundball, 4)
Bottom of the 1st over - 1 run(s), 2 hit(s), 0 error(s), 0 left on base; D.C. 0 - Richardson City 1
TOP OF THE 2ND
D.C. Divided batting - Pitching for Richardson City Thundercats : RHP Ramón Ortega
Batting: LHB Charles Mathes 0-0: Swinging Strike
0-1: SINGLE (Groundball, 34D)
Batting: RHB Mario Castillo 0-0: Ball
Wild Pitch!
Charles Mathes to second
1-0: Fly out, F8 (Flyball, 8LS)
Batting: RHB Lúcio López 0-0: Called Strike
0-1: Ball
1-1: Ball
2-1: Foul Ball, location: 2F
2-2: SINGLE (Groundball, 56D)
Charles Mathes to third
Runner from 3rd tries for Home, throw and OUT!
Batting: RHB Wilbur Davis 0-0: Ball
1-0: Foul Ball, location: 2F
1-1: Foul Ball, location: 2F
1-2: Strikes out swinging
Top of the 2nd over - 0 run(s), 2 hit(s), 0 error(s), 1 left on base; D.C. 0 - Richardson City 1
BOTTOM OF THE 2ND
Richardson City Thundercats batting - Pitching for D.C. Divided : RHP José Alaniz
Batting: RHB Juan Cabrera 0-0: Called Strike
0-1: Fly out, F3 (Popup, 3L)
Batting: RHB Alden Wiley 0-0: Called Strike
0-1: SINGLE (Groundball, 5S) (infield hit)
Batting: LHB Carroll Martin 0-0: Foul Ball, location: 2F
0-1: Fly out, F9 (Line Drive, 89S)
Batting: LHB Eduardo Álvarez 0-0: Ball
1-0: Ball
2-0: Fielders Choice at 2nd, 4-6 (Groundball, 4D)
Bottom of the 2nd over - 0 run(s), 1 hit(s), 0 error(s), 0 left on base; D.C. 0 - Richardson City 1
TOP OF THE 3RD
D.C. Divided batting - Pitching for Richardson City Thundercats : RHP Ramón Ortega
Batting: RHB Julián Salcido 0-0: Swinging Strike
0-1: Swinging Strike
0-2: Strikes out swinging
Batting: RHB Cristo González 0-0: Ball
1-0: Foul Ball, location: 2F
1-1: Swinging Strike
1-2: Ball
2-2: Ball
3-2: Ground out 6-3 (Groundball, 6)
Batting: RHB Arturo Rodríguez 0-0: Foul Ball, location: 2F
0-1: Ball
1-1: Ground out 4-3 (Groundball, 4)
Top of the 3rd over - 0 run(s), 0 hit(s), 0 error(s), 0 left on base; D.C. 0 - Richardson City 1
BOTTOM OF THE 3RD
Richardson City Thundercats batting - Pitching for D.C. Divided : RHP José Alaniz
Batting: RHB Joey Jones 0-0: Called Strike
0-1: Foul Ball, location: 2F
0-2: Ball
1-2: SINGLE (Line Drive, 4D)
Batting: LHB Fernando Ramírez 0-0: Ball
1-0: Ball
2-0: Called Strike
2-1: Called Strike
2-2: Strikes out looking
Batting: RHB Tomás Martínez Pickoff Throw to First - Error! E1
Joey Jones to second
0-0: Ball
Joey Jones steals 3rd base
1-0: Called Strike
1-1: Foul Ball, location: 2F
1-2: Strikes out looking
Batting: LHB Terrence Eler 0-0: Called Strike
0-1: Ball
1-1: SINGLE (Groundball, 4MD)
Joey Jones scores
Batting: SHB Mitch Qualtrough 0-0: Ball
1-0: Ball
2-0: Called Strike
2-1: Fly out, F9 (Flyball, 9S)
Bottom of the 3rd over - 1 run(s), 2 hit(s), 1 error(s), 1 left on base; D.C. 0 - Richardson City 2
TOP OF THE 4TH
D.C. Divided batting - Pitching for Richardson City Thundercats : RHP Ramón Ortega
Batting: RHB Tony Romero 0-0: Ball
1-0: Ball
2-0: Ball
3-0: Called Strike
3-1: Called Strike
3-2: Strikes out swinging
Batting: RHB Robert O'Connor 0-0: Ball
1-0: Ball
2-0: Fly out, F8 (Flyball, 8RS)
Batting: LHB Charles Mathes 0-0: Called Strike
0-1: Ground out U3 (Groundball, 3)
Top of the 4th over - 0 run(s), 0 hit(s), 0 error(s), 0 left on base; D.C. 0 - Richardson City 2
BOTTOM OF THE 4TH
Richardson City Thundercats batting - Pitching for D.C. Divided : RHP José Alaniz
Batting: RHB Juan Cabrera 0-0: Ball
1-0: Ball
2-0: Foul Ball, location: 2F
2-1: Swinging Strike
2-2: Ball
3-2: Ground out 5-3 (Groundball, 56)
Batting: RHB Alden Wiley 0-0: Called Strike
0-1: Ball
1-1: Ball
2-1: Foul Ball, location: 2F
2-2: Fly out, F7 (Flyball, 7S)
Batting: LHB Carroll Martin 0-0: Foul Ball, location: 2F
0-1: Ball
1-1: Ball
2-1: SINGLE (Groundball, 3D)
Batting: LHB Eduardo Álvarez 0-0: Ball
1-0: Ball
2-0: Called Strike
2-1: Swinging Strike
2-2: Foul Ball, location: 2F
2-2: Ball
Carroll Martin steals 2nd base
3-2: Base on Balls
Batting: RHB Joey Jones 0-0: Ball
1-0: Ground out 5-3 (Groundball, 56S)
Bottom of the 4th over - 0 run(s), 1 hit(s), 0 error(s), 2 left on base; D.C. 0 - Richardson City 2
TOP OF THE 5TH
D.C. Divided batting - Pitching for Richardson City Thundercats : RHP Ramón Ortega
Batting: RHB Mario Castillo 0-0: Called Strike
0-1: DOUBLE (Flyball, 89D)
Batting: RHB Lúcio López 0-0: Called Strike
0-1: Ball
1-1: Foul Ball, location: 2F
1-2: Strikes out swinging
Batting: RHB Wilbur Davis 0-0: Called Strike
0-1: Ball
1-1: Foul Ball, location: 2F
1-2: Ball
2-2: Foul Ball, location: 2F
2-2: Strikes out swinging
Batting: RHB Julián Salcido 0-0: Foul Ball, location: 2F
0-1: Ball
Wild Pitch!
Mario Castillo to third
1-1: Fly out, F8 (Flyball, 89M)
Top of the 5th over - 0 run(s), 1 hit(s), 0 error(s), 1 left on base; D.C. 0 - Richardson City 2
BOTTOM OF THE 5TH
Richardson City Thundercats batting - Pitching for D.C. Divided : RHP José Alaniz
Batting: LHB Fernando Ramírez 0-0: Foul Ball, location: 2F
0-1: Ball
1-1: Ground out 4-3 (Groundball, 4)
Batting: RHB Tomás Martínez 0-0: Called Strike
0-1: Foul Ball, location: 2F
0-2: DOUBLE (Line Drive, 5D)
Batting: LHB Terrence Eler 0-0: Intentional Walk
Batting: SHB Mitch Qualtrough 0-0: Ball
1-0: Grounds into double play, 3-6-3 (Groundball, 34)
Bottom of the 5th over - 0 run(s), 1 hit(s), 0 error(s), 1 left on base; D.C. 0 - Richardson City 2
TOP OF THE 6TH
D.C. Divided batting - Pitching for Richardson City Thundercats : RHP Ramón Ortega
Batting: RHB Cristo González 0-0: Called Strike
0-1: Foul Ball, location: 2F
0-2: Foul Ball, location: 2F
0-2: Strikes out swinging
Batting: RHB Arturo Rodríguez 0-0: Called Strike
0-1: Foul Ball, location: 2F
0-2: Ball
1-2: SOLO HOME RUN (Flyball, 7D), Distance : 373 ft
Batting: RHB Tony Romero 0-0: Ball
1-0: Called Strike
1-1: SINGLE (Groundball, 6D)
Batting: RHB Robert O'Connor 0-0: Called Strike
0-1: Foul Ball, location: 2F
0-2: Ball
1-2: Ball
2-2: 2-RUN HOME RUN (Flyball, 7D), Distance : 360 ft
Batting: LHB Charles Mathes 0-0: Called Strike
0-1: Ball
1-1: Foul Ball, location: 2F
1-2: Ball
2-2: Fly out, F7 (Line Drive, 7D)
Batting: RHB Mario Castillo 0-0: Called Strike
0-1: Ground out 6-3 (Groundball, 6)
Top of the 6th over - 3 run(s), 3 hit(s), 0 error(s), 0 left on base; D.C. 3 - Richardson City 2
BOTTOM OF THE 6TH
Richardson City Thundercats batting - Pitching for D.C. Divided : RHP José Alaniz
Batting: RHB Juan Cabrera 0-0: Ball
1-0: Foul Ball, location: 2F
1-1: Called Strike
1-2: Ball
2-2: Ground out 5-3 (Groundball, 56D)
Batting: RHB Alden Wiley 0-0: Called Strike
0-1: Called Strike
0-2: Ground out 6-3 (Groundball, 56D)
Batting: LHB Carroll Martin 0-0: Ball
1-0: Ball
2-0: Ball
3-0: Called Strike
3-1: Foul Ball, location: 2F
3-2: Base on Balls
Batting: LHB Eduardo Álvarez 0-0: Ball
1-0: Swinging Strike
1-1: Called Strike
1-2: Foul Ball, location: 2F
1-2: Ground out U3 (Groundball, 34)
Bottom of the 6th over - 0 run(s), 0 hit(s), 0 error(s), 1 left on base; D.C. 3 - Richardson City 2
TOP OF THE 7TH
D.C. Divided batting - Pitching for Richardson City Thundercats : RHP Ramón Ortega
Batting: RHB Lúcio López 0-0: Called Strike
0-1: Foul Ball, location: 2F
0-2: Strikes out looking
Batting: RHB Wilbur Davis 0-0: Ball
1-0: Foul Ball, location: 2F
1-1: Foul Ball, location: 2F
1-2: Ball
2-2: Ground out 6-3 (Groundball, 6)
Batting: RHB Julián Salcido 0-0: Ball
1-0: Fly out, F9 (Flyball, 9D)
Top of the 7th over - 0 run(s), 0 hit(s), 0 error(s), 0 left on base; D.C. 3 - Richardson City 2
BOTTOM OF THE 7TH
Richardson City Thundercats batting - Pitching for D.C. Divided : RHP José Alaniz
Batting: RHB Joey Jones 0-0: Ball
1-0: Ground out 6-3 (Groundball, 6M)
Batting: LHB Fernando Ramírez 0-0: Ball
1-0: Swinging Strike
1-1: Called Strike
1-2: Fly out, F7 (Flyball, 7)
Batting: RHB Tomás Martínez 0-0: Called Strike
0-1: Ground out 5-3 (Groundball, 5L)
Bottom of the 7th over - 0 run(s), 0 hit(s), 0 error(s), 0 left on base; D.C. 3 - Richardson City 2
TOP OF THE 8TH
D.C. Divided batting - Pitching for Richardson City Thundercats : RHP Ramón Ortega
Batting: RHB Cristo González 0-0: Foul Ball, location: 2F
0-1: Ground out 6-3 (Groundball, 6)
Batting: RHB Arturo Rodríguez 0-0: Called Strike
0-1: Ball
1-1: Ball
2-1: Foul Ball, location: 2F
2-2: Ball
3-2: Ground out 5-3 (Groundball, 5L)
Batting: RHB Tony Romero 0-0: Called Strike
0-1: SINGLE (Groundball, 34D)
Batting: RHB Robert O'Connor 0-0: Ball
1-0: Called Strike
1-1: Ground out 5-3 (Groundball, 56S)
Top of the 8th over - 0 run(s), 1 hit(s), 0 error(s), 1 left on base; D.C. 3 - Richardson City 2
BOTTOM OF THE 8TH
Richardson City Thundercats batting - Pitching for D.C. Divided : RHP José Alaniz
Batting: LHB Terrence Eler 0-0: Fly out, F8 (Flyball, 78D)
Batting: SHB Mitch Qualtrough 0-0: Called Strike
0-1: Ball
1-1: Ball
2-1: SINGLE (Line Drive, 3)
Batting: RHB Juan Cabrera 0-0: Ball
1-0: Called Strike
1-1: Ball
2-1: Swinging Strike
2-2: Ball
3-2: Foul Ball, location: 2F
3-2: Grounds into double play, 4-6-3 (Groundball, 4)
Bottom of the 8th over - 0 run(s), 1 hit(s), 0 error(s), 0 left on base; D.C. 3 - Richardson City 2
TOP OF THE 9TH
D.C. Divided batting - Pitching for Richardson City Thundercats : RHP Ramón Ortega
Batting: LHB Charles Mathes 0-0: Foul Ball, location: 2F
0-1: Ball
1-1: Ball
2-1: Swinging Strike
2-2: Ball
3-2: Base on Balls
Pitching: LHP Javier Ramírez
Batting: RHB Mario Castillo 0-0: Fly out, F6 (Popup, 6S)
Batting: RHB Lúcio López 0-0: Ball
1-0: Called Strike
1-1: Ball
2-1: Swinging Strike
2-2: Ball
3-2: Strikes out swinging
Charles Mathes is caught stealing 2nd base
Batter strikes out.
Top of the 9th over - 0 run(s), 0 hit(s), 0 error(s), 0 left on base; D.C. 3 - Richardson City 2
BOTTOM OF THE 9TH
Richardson City Thundercats batting - Pitching for D.C. Divided : RHP José Alaniz
Batting: RHB Alden Wiley 0-0: SINGLE (Groundball, 6MD)
Pitching: RHP Gabriel Hidalgo
Batting: LHB Carroll Martin 0-0: Foul Ball, location: 2F
0-1: Swinging Strike
0-2: SINGLE (Groundball, 3) (infield hit)
Alden Wiley to second
Batting: LHB Eduardo Álvarez 0-0: Ball
1-0: Called Strike
1-1: Foul Ball, location: 2F
1-2: Ball
2-2: Foul Ball, location: 2F
2-2: Fly out, F9 (Flyball, 9D)
Runner from 2nd tags up, SAFE at 3rd, no throw
Batting: RHB Joey Jones 0-0: Ball
1-0: Grounds into double play, 6-4-3 (Groundball, 6)
Bottom of the 9th over - 0 run(s), 2 hit(s), 0 error(s), 1 left on base; D.C. 3 - Richardson City 2
Monday, March 20th, 2017 - OOTP Baseball 17.12 Build 75